AoeStats
← Tomato

MegaRandom

508072245Analyzed
4v4 RM · 11d ago on Sep 20, 2026· 40m 32s· 8 players
Game mode
Random Map
Map size
Large (8 player)
Population
200
Speed
Normal
Resources
Standard
Victory
Conquest
Starting age
Dark Age
Ending age
Imperial Age
RankedLock teamsTeams togetherTeam positionsShared explorationLock speedFull tech treeHidden civsTurbo modeCheats
Victory
Defeat
🇨🇦 Shu · Canada
1371
+14
🇺🇸 Mongols · United States
1369
+14
🇺🇸 Britons · United States
1368
+14
🇳🇱 Wei · Netherlands
1340
+15
🇬🇧 Burgundians · United Kingdom
1357
-15
🇬🇧 Franks · United Kingdom
1335
-14
🇬🇧 Koreans · United Kingdom
1332
-15
🇬🇧 Italians · United Kingdom
1296
-13
Tomato
10:40 Feudal Age
8:56 Loom
11:29 Double-Bit Axe
11:28 Horse Collar
14:34 Gold Mining
15:15 Scale Barding Armor
15:56 Bloodlines
18:56 Forging
20:05 Wheelbarrow
22:47 Castle Age
23:45 Husbandry
23:39 Town Watch
24:47 Chain Barding Armor
25:04 Iron Casting
25:04 Heavy Plow
25:39 Bow Saw
33:52 Tuntian
38:55 Imperial Age
38:59 Heavy Hei Guang Cavalry
40:46 Blast Furnace
40:30 Ming Guang Armor
40:28 Conscription
[um] The Inland taipan
11:58 Feudal Age
15:31 Castle Age
15:30 Loom
18:23 Fletching
19:54 Bodkin Arrow
22:58 Ballistics
22:40 Padded Archer Armor
30:41 Wheelbarrow
41:06 Imperial Age
not sure
7:21 Loom
9:54 Feudal Age
14:45 Castle Age
12:40 Double-Bit Axe
14:02 Bloodlines
15:58 Bow Saw
17:27 Horse Collar
18:43 Husbandry
21:56 Wheelbarrow
24:25 Scale Barding Armor
26:26 Chain Barding Armor
26:16 Forging
29:09 Iron Casting
29:57 Hand Cart
32:50 Gold Mining
33:48 Heavy Plow
37:30 Imperial Age
35:55 Gold Shaft Mining
35:11 Stone Mining
38:31 Stone Shaft Mining
37:35 Elite Steppe Lancer
39:17 Blast Furnace
剧终
8:24 Loom
10:41 Feudal Age
11:36 Double-Bit Axe
17:26 Castle Age
15:36 Fletching
16:28 Padded Archer Armor
18:11 Crossbowman
21:54 Horse Collar
23:46 Bodkin Arrow
25:03 Leather Archer Armor
28:41 Wheelbarrow
29:25 Thumb Ring
33:34 Gold Mining
36:17 Ballistics
38:11 Bow Saw
39:53 Heavy Plow
Woodsy777
5:50 Loom
10:25 Feudal Age
12:42 Double-Bit Axe
13:10 Fletching
13:52 Padded Archer Armor
22:23 Castle Age
22:53 Elite Skirmisher
24:44 Bodkin Arrow
27:56 Crossbowman
28:42 Thumb Ring
Fefs80
10:02 Feudal Age
10:40 Double-Bit Axe
14:17 Scale Barding Armor
21:22 Castle Age
20:16 Forging
20:59 Gold Mining
21:06 Loom
23:06 Bow Saw
23:22 Chain Barding Armor
24:21 Husbandry
31:57 Fletching
32:50 Iron Casting
33:19 Wheelbarrow
38:51 Imperial Age
36:22 Town Watch
38:53 Cavalier
40:10 Plate Barding Armor
41:10 Blast Furnace
Dexter
4:18 Double-Bit Axe
7:57 Loom
10:04 Feudal Age
11:20 Bow Saw
13:51 Horse Collar
17:41 Gold Mining
17:53 Heavy Plow
20:49 Castle Age
23:31 Scale Barding Armor
23:13 Cavalier
24:35 Chain Barding Armor
24:56 Husbandry
26:06 Wheelbarrow
35:06 Forging
37:50 Gold Shaft Mining
37:08 Stone Mining
38:03 Burgundian Vineyards
42:44 Imperial Age
40:01 Town Watch
Rkid69
6:43 Loom
9:36 Feudal Age
11:39 Double-Bit Axe
16:27 Fletching
17:18 Horse Collar
23:31 Castle Age
21:58 Gold Mining
23:33 Crossbowman
24:15 Bodkin Arrow
26:18 Bow Saw
28:09 Wheelbarrow
28:03 Ballistics
30:12 Thumb Ring
33:12 Hand Cart
Connection lost

Rejoining the realm…

Still unreachable

The connection could not be restored.

Session expired

The server has moved on; the page needs a fresh start.